 Seeded DCSS version 0.28-a0-687-gb91baff9cc (webtiles) character file.

Game seed: 20211020 (custom seed)

59 a11behringer the Poker (level 3, 0/34 HPs)
             Began as a Minotaur Berserker on Oct 20, 2021.
             Was a Believer of Trog.
             Succumbed to an adder's poison
             ... on level 2 of the Dungeon.
             The game lasted 00:03:53 (1175 turns).

a11behringer the Poker (Minotaur Berserker)         Turns: 1175, Time: 00:03:53

Health: 0/34       AC:  6    Str: 21    XL:     3   Next: 78%
Magic:  2/2        EV: 10    Int:  4    God:    Trog [**....]
Gold:   30         SH:  0    Dex: 10    Spells: 2/2 levels left

rFire   + . .      SeeInvis .   a - +0 spear
rCold   + . .      Faith    .   (no shield)
rNeg    . . .      Spirit   .   e - +0 scale mail
rPois   +          Reflect  .   (helmet restricted)
rElec   +          Harm     .   (no cloak)
rCorr   +          Rampage  .   (no gloves)
Will    .....                   (no boots)
Stlth   ..........              (no amulet)
HPRegen 0.11/turn               (no ring)
MPRegen 0.08/turn               (no ring)

@: lethally poisoned (0 -> -1), resistant
A: horns 2, retaliatory headbutt
a: Renounce Religion, Berserk, Trog's Hand


You were on level 2 of the Dungeon.
You worshipped Trog.
Trog was pleased with you.
You visited 1 branch of the dungeon, and saw 2 of its levels.

You collected 30 gold pieces.

Inventory:

Hand Weapons
 a - a +0 spear (weapon)
Armour
 b - a +0 animal skin
 e - a +0 scale mail (worn)
Jewellery
 f - an amulet of regeneration
Potions
 c - a potion of ambrosia {unknown}
 d - a potion of resistance


   Skills:
 + Level 4.4 Fighting
 * Level 4.9 Polearms
 + Level 2.7 Armour
 + Level 2.4 Dodging


You had 2 spell levels left.
You didn't know any spells.
Your spell library was empty.

Dungeon Overview and Level Annotations

Branches:
Dungeon (2/15)

Altars:


Innate Abilities, Weirdness & Mutations

You have a pair of horns on your head.
You reflexively headbutt those who attack you in melee.


Message History

The adder is heavily wounded.
You feel sick. The adder bites you but does no damage.
You hit the adder.
The adder is severely wounded.
You feel sick. The adder bites you.
You are more poisoned.
The adder poisons you!
You hit the adder but do no damage. Your headbutt misses the adder.
The adder is severely wounded.
You feel sick. The adder bites you.
You hit the adder. Your headbutt misses the adder.
The adder is almost dead.
You feel sick. The adder bites you.
You are lethally poisoned!
The adder poisons you!
You barely miss the adder. You headbutt the adder.
You kill the adder!
Trog accepts your kill.
* * * LOW HITPOINT WARNING * * *
You feel sick.
* * * LOW HITPOINT WARNING * * *
You feel sick.
You see here an adder corpse.
* * * LOW HITPOINT WARNING * * *
You feel sick.
* * * LOW HITPOINT WARNING * * *
You feel sick.
* * * LOW HITPOINT WARNING * * *
You feel sick.
You aren't carrying any scrolls.
Unknown command.
* * * LOW HITPOINT WARNING * * *
You feel sick.
* * * LOW HITPOINT WARNING * * *
You feel sick.
* * * LOW HITPOINT WARNING * * *
You feel sick.
It was a potion of resistance.
You feel protected.
You die...

#.# #.#.....# ...
#.#.....# ####.#
#.#.....# ...$.#
#.#.....# ...#
#.......#
##.######......#
#..........††..#
#....<)........#
#.....@..#.##...#
#........#..#...#
##....#####.#...#
##...# .....# ###
#...# #....# ..#
#...# ....# #[#
#...# .... #.#
#...# #.#####
#...#


There were no monsters in sight!

Vanquished Creatures
  2 adders (D:2)
  A dart slug (D:2)
  6 ball pythons
  4 endoplasms (D:1)
  A giant cockroach (D:1)
  7 hobgoblins
  3 quokkas
  2 bats (D:1)
  3 frilled lizards
  2 goblins
  4 kobolds
  3 rats (D:1)
38 creatures vanquished.

Notes
Turn   | Place    | Note
-------+----------+-------------------------------------------
     0 | D:1      | a11behringer the Minotaur Berserker began the quest for the
                  | Orb.
     0 | D:1      | Reached XP level 1. HP: 19/19 MP: 0/0
   140 | D:1      | Reached XP level 2. HP: 19/27 MP: 1/1
   338 | D:1      | Reached ** piety under Trog
   884 | D:1      | Reached XP level 3. HP: 31/33 MP: 2/2
  1174 | D:2      | HP: 1/34 [poisoned by an adder]
  1175 | D:2      | Succumbed to an adder's poison

Illustrated notes

Levels and vault maps discovered:
D:1:      minmay_arrival_split_and_join, layout_basic, minmay_domino_4
D:2:      layout_basic, ebering_ecumenical_altar_rust, minmay_crystal_water,
          grunt_ministairs_1

Skill      XL: |  1  2 |
---------------+-------+-----
Polearms       | 4 |  4.9
Fighting       | 4 |  4.4
Armour         | |  2.7
Dodging        | |  2.4

Action                   || total
-------------------------++-------
Melee: Spear             ||    84
       Headbutt          ||    11
  Use: Scroll            ||     1
       Potion            ||     1
 Stab: Sleeping          ||     2
Armor: Animal skin       ||     9
       Scale mail        ||    13
Dodge: Dodged            ||    42

Table legend: (Time is in decaauts)
 A = Elapsed time spent in this place.
 B = Non-inter-level travel time spent in this place.
 C = Inter-level travel time spent in this place.
 D = Time resting spent in this place.
 E = Time spent auto-exploring this place.
 F = Levels seen in this place.
 G = Mean time per level.
                   A        B        C        D        E       F      G
               +--------+--------+--------+--------+--------+-----+--------+
         Total |   1164 |   1050 |    114 |      0 |    855 |   2 |  582.0 |
       Dungeon |   1164 |   1050 |    114 |      0 |    855 |   2 |  582.0 |
               +--------+--------+--------+--------+--------+-----+--------+

Top non-repeatable levels by time:
     D:1: 1029 daAuts
     D:2: 135 daAuts
